[Event "Titled Tuesday Blitz August 22 Early 2023"]
[White "Forgacs, Attila Jr."]
[Black "Pert, Nina"]
[WhiteFideId "773654"]
[BlackFideId "456853"]
[WhiteElo "2540"]
[BlackElo "2188"]
[Result "0-1"]
[Round "1"]
[TimeControl "180+1"]
[Date "2023.08.22"]
[WhiteClock "0:00:14"]
[BlackClock "0:00:12"]
[Board "228"]

1. Nc3 d5 2. e3 Nf6 3. h3 c5 4. d4 Nc6 5. Nf3 Bf5 6. g4 Bg6 7. Bg2 e6 8. O-O h5 9. g5 Nd7 10. Re1 Be7 11. h4 Qc7 12. dxc5 Nxc5 13. b3 f6 14. Bb2 fxg5 15. Nxg5 Bxg5 16. hxg5 O-O-O 17. Qf3 Rdf8 18. Qh3 Bf5 19. Qh2 Qxh2+ 20. Kxh2 Bxc2 21. f4 Nd3 22. Re2 Nxb2 23. Rxc2 Nd3 24. Nb5 Kb8 25. a3 a6 26. Nc3 Nc5 27. b4 Nd7 28. Bh3 Re8 29. Re1 Rhf8 30. Nxd5 exd5 31. Bxd7 Nd4 32. Bxe8 Nxc2 33. Re2 Rxe8 34. Rxc2 Rxe3 35. f5 Rf3 36. f6 g6 37. Rd2 Rf5 38. Re2 Kc7 39. Re7+ Kd6 40. Rxb7 Rxg5 41. Rb6+ Kd7 42. Rxa6 Rf5 43. b5 d4 44. Ra4 Rxf6 45. Rxd4+ Kc7 46. a4 Kb6 47. Kg3 Ka5 48. Kh4 Rf1 49. Kg5 Rg1+ 50. Kh4 Rg2 51. Rf4 g5+ 52. Kxh5 gxf4 53. Kh4 f3 54. Kh3 Rg8 55. b6 Kxb6 56. Kh2 f2 57. a5+ Kxa5 58. Kh3 f1=Q+ 59. Kh2 Qg2# 0-1


[Site "https://www.chess.com"]

[Event "Titled Tuesday Blitz August 22 Early 2023"]
[White "Francisco_Ferrari"]
[Black "Willy, Stephen"]
[BlackFideId "30981468"]
[WhiteElo "2186"]
[BlackElo "2540"]
[Result "0-1"]
[Round "1"]
[TimeControl "180+1"]
[Date "2023.08.22"]
[WhiteClock "0:00:12"]
[BlackClock "0:00:22"]
[Board "229"]

1. e4 c6 2. d4 d5 3. exd5 cxd5 4. Bd3 Nc6 5. c3 Nf6 6. Nf3 g6 7. Nbd2 Bg7 8. O-O O-O 9. Re1 Nd7 10. h4 e5 11. dxe5 Ndxe5 12. Be2 Re8 13. Nxe5 Nxe5 14. Nf3 Bf5 15. Bg5 Qd6 16. Nd4 Ng4 17. Bxg4 Rxe1+ 18. Qxe1 Bxg4 19. Qe3 Bd7 20. Re1 h6 21. Bxh6 Re8 22. Qxe8+ Bxe8 23. Rxe8+ Kh7 24. Bxg7 Kxg7 25. h5 Qa6 26. hxg6 fxg6 27. a3 Kf7 28. Re5 Qd6 29. f4 Qb6 30. b4 Qc7 31. Nb5 Qc6 32. a4 a6 33. Nd4 Qxc3 34. Rxd5 Qxb4 35. Rd7+ Ke8 36. Rd5 Qxa4 37. Ne6 Ke7 38. Nc5 Qxf4 39. Rd7+ Ke8 40. Rxb7 Qe3+ 0-1


[Site "https://www.chess.com"]

[Event "Titled Tuesday Blitz August 22 Early 2023"]
[White "Shvedova, Alexandra"]
[Black "Tharushi, T H D Niklesha"]
[WhiteFideId "54154782"]
[BlackFideId "9918264"]
[WhiteElo "2539"]
[BlackElo "2169"]
[Result "1-0"]
[Round "1"]
[TimeControl "180+1"]
[Date "2023.08.22"]
[WhiteClock "0:00:54"]
[BlackClock "0:00:16"]
[Board "230"]

1. Nf3 d5 2. d4 Nf6 3. c4 e6 4. Nc3 Bb4 5. Bg5 h6 6. Bxf6 Qxf6 7. e3 O-O 8. cxd5 exd5 9. Bd3 c5 10. O-O Be6 11. Rc1 Nc6 12. dxc5 Bxc5 13. Nxd5 Bxd5 14. Rxc5 Bxf3 15. Qxf3 Qxb2 16. Qe4 g6 17. Rc2 Qf6 18. h3 Rfe8 19. Qa4 a6 20. Be2 b5 21. Qa3 Ne5 22. Rfc1 Rad8 23. Qc3 Kg7 24. a3 Rd6 25. Qb4 Red8 26. a4 bxa4 27. Qxa4 Nd3 28. Rf1 Ne5 29. Qb4 Nd3 30. Qa3 Ne5 31. Qa1 Nd7 32. Qxf6+ Nxf6 33. Rfc1 Ra8 34. Ra2 a5 35. Ra4 Ne4 36. Rxe4 a4 37. Ra1 a3 38. Rd4 Rb6 39. Rd2 Rb2 40. Rxb2 axb2 41. Rb1 Ra1 42. Bd3 Kf6 43. Kh2 Rxb1 44. Bxb1 Ke5 45. Kg3 f5 46. Kf3 g5 47. g3 h5 48. g4 fxg4+ 49. hxg4 h4 50. Kg2 Kf6 51. f4 gxf4 52. exf4 Kg7 53. Kh3 Kh6 54. Kxh4 1-0


[Site "https://www.chess.com"]

[Event "Titled Tuesday Blitz August 22 Early 2023"]
[White "Kuchava, Ana"]
[Black "Jovic, Stanoje"]
[WhiteFideId "13605348"]
[BlackFideId "905020"]
[WhiteElo "2168"]
[BlackElo "2538"]
[Result "1/2-1/2"]
[Round "1"]
[TimeControl "180+1"]
[Date "2023.08.22"]
[WhiteClock "0:00:26"]
[BlackClock "0:00:08"]
[Board "231"]

1. d4 Nf6 2. Nf3 e6 3. c4 b6 4. a3 d5 5. cxd5 exd5 6. Nc3 a6 7. Bf4 Bd6 8. Bxd6 Qxd6 9. e3 O-O 10. Ne5 Nbd7 11. f4 Bb7 12. Bd3 Ne4 13. Bxe4 dxe4 14. O-O f6 15. Nxd7 Qxd7 16. Qb3+ Kh8 17. Rac1 g5 18. fxg5 fxg5 19. Qb4 Kg7 20. Ne2 a5 21. Qc3 Rxf1+ 22. Rxf1 Ba6 23. Rf2 Bxe2 24. Rxe2 Rf8 25. Rf2 Rxf2 26. Kxf2 Kg6 27. h3 h5 28. Qc2 Qe7 29. Qc6+ Qf6+ 30. Qxf6+ Kxf6 31. g4 hxg4 32. hxg4 a4 33. Ke2 Ke6 34. Kd2 Kd5 35. Kc3 b5 36. Kb4 c6 37. Kc3 c5 38. dxc5 Kxc5 39. b3 axb3 40. Kxb3 Kd5 41. Kb4 Kc6 42. Kb3 Kd5 43. Kb4 Kc6 44. Kb3 Kd5 1/2-1/2


[Site "https://www.chess.com"]

[Event "Titled Tuesday Blitz August 22 Early 2023"]
[White "campochess"]
[Black "Chos, Alexey"]
[BlackFideId "14117762"]
[WhiteElo "2157"]
[BlackElo "2537"]
[Result "0-1"]
[Round "1"]
[TimeControl "180+1"]
[Date "2023.08.22"]
[WhiteClock "0:00:05"]
[BlackClock "0:01:51"]
[Board "233"]

1. d4 Nf6 2. Bg5 d5 3. Nd2 c5 4. c3 Nc6 5. Ngf3 Ne4 6. h4 Nxg5 7. hxg5 e6 8. e3 Be7 9. g6 fxg6 10. Bd3 O-O 11. Qc2 Qe8 12. O-O-O Bf6 13. Be2 e5 14. dxe5 Nxe5 15. Nxe5 Qxe5 16. Nf3 Qe6 17. Qa4 Bd7 18. Qa3 Be7 19. Qb3 c4 20. Qc2 Qa6 21. a3 Ba4 22. Qd2 Rad8 23. Rdg1 Qb6 24. Nd4 Bf6 25. f4 Bxd4 26. Qxd4 Qxd4 27. cxd4 Rfe8 28. Kd2 Re7 29. Bg4 Rde8 30. Rh3 b5 31. Rgh1 h5 32. Bf3 Rd7 33. Rg3 Rd6 34. Rg5 Red8 35. g4 hxg4 36. Rxg4 a5 37. Rgh4 b4 38. axb4 axb4 39. Ra1 Be8 40. Ra5 Bf7 41. Rg4 Rb8 42. Rg5 Rc6 43. Rc5 Rxc5 44. dxc5 c3+ 45. bxc3 b3 46. Kc1 b2+ 47. Kb1 d4 48. Be4 dxe3 49. c6 Re8 50. c7 e2 51. Rg1 Rc8 52. Kxb2 Rxc7 53. Re1 Bc4 54. Kc2 Ra7 55. Kd2 Kf7 56. Ke3 Rd7 57. Ra1 Rd1 58. Ra7+ Kf6 0-1


[Site "https://www.chess.com"]

[Event "Titled Tuesday Blitz August 22 Early 2023"]
[White "subham777"]
[Black "Kowalysko, Roman"]
[BlackFideId "30918510"]
[WhiteElo "2537"]
[BlackElo "2157"]
[Result "1-0"]
[Round "1"]
[TimeControl "180+1"]
[Date "2023.08.22"]
[WhiteClock "0:00:08"]
[BlackClock "0:00:05"]
[Board "234"]

1. e4 c5 2. Nf3 d6 3. d4 cxd4 4. Qxd4 Nc6 5. Bb5 Bd7 6. Bxc6 Bxc6 7. c4 Nf6 8. Nc3 g6 9. Bg5 Bg7 10. O-O O-O 11. Qd3 Rc8 12. Rfd1 Qc7 13. Rac1 a6 14. Nd4 Rfe8 15. b3 Nd7 16. Nd5 Bxd5 17. exd5 Ne5 18. Qe2 Qc5 19. Be3 Qc7 20. f4 Nd7 21. h4 Nf6 22. Bf2 h5 23. f5 Ng4 24. fxg6 fxg6 25. Ne6 Qd7 26. Bd4 Ne5 27. Nxg7 Kxg7 28. Bxe5+ dxe5 29. Qxe5+ Kh7 30. Rf1 Rf8 31. Rce1 e6 32. Rxf8 Rxf8 33. dxe6 Qd2 34. Qe2 Qd4+ 35. Qe3 Qxh4 36. e7 Re8 37. Qe6 Qxc4 38. bxc4 Rg8 39. Qxg8+ Kxg8 40. e8=Q+ Kg7 41. Re6 g5 42. Qg6+ Kf8 43. Re8# 1-0


[Site "https://www.chess.com"]

[Event "Titled Tuesday Blitz August 22 Early 2023"]
[White "Dilmukhametov, Artur"]
[Black "Lehtosaari, Mauri"]
[WhiteFideId "24179922"]
[BlackFideId "501999"]
[WhiteElo "2151"]
[BlackElo "2536"]
[Result "1-0"]
[Round "1"]
[TimeControl "180+1"]
[Date "2023.08.22"]
[WhiteClock "0:01:20"]
[BlackClock "0:00:56"]
[Board "235"]

1. e4 d5 2. exd5 Qxd5 3. d4 e5 4. Nf3 Bg4 5. Be2 exd4 6. O-O Nc6 7. Nxd4 Qxd4 8. Bxg4 Qxd1 9. Rxd1 Bd6 10. Nc3 a6 11. Ne4 Rd8 12. Nxd6+ cxd6 13. Bf4 Ne5 14. Re1 f6 15. Be6 Ne7 16. Bg3 g5 17. Rad1 N7c6 18. Bd5 Ke7 19. Re3 Rhe8 20. Rb3 Rd7 21. Re1 Kf8 22. f4 gxf4 23. Bxf4 Ng6 24. Bh6+ Rg7 25. Bxg7+ Kxg7 26. Rxe8 1-0


[Site "https://www.chess.com"]

[Event "Titled Tuesday Blitz August 22 Early 2023"]
[White "Nazaretyan, Tigran"]
[Black "Baruch, Liam"]
[WhiteFideId "24162345"]
[BlackFideId "14322064"]
[WhiteElo "2535"]
[BlackElo "2144"]
[Result "1-0"]
[Round "1"]
[TimeControl "180+1"]
[Date "2023.08.22"]
[WhiteClock "0:00:57"]
[BlackClock "0:00:12"]
[Board "236"]

1. d4 d5 2. c4 e6 3. Nf3 Nf6 4. Nc3 Be7 5. Bf4 O-O 6. e3 a6 7. c5 b6 8. b4 a5 9. a3 Na6 10. b5 Nb8 11. c6 Nh5 12. Bd3 Nxf4 13. exf4 Bd6 14. g3 Qe7 15. a4 Bb4 16. Qc2 h6 17. O-O f5 18. Rfe1 Bxc3 19. Qxc3 Qb4 20. Qc2 Rf6 21. h4 Na6 22. bxa6 Bxa6 23. Bxa6 Rxa6 24. Re3 Ra8 25. Qd3 Qd6 26. Ne5 Re8 27. Rae1 Kh7 28. h5 Kg8 29. Qb5 Kh7 30. Qe2 Kg8 31. Nd7 Rf7 32. Rxe6 Rxe6 33. Qxe6 Qb4 34. Qe8+ Kh7 35. Re5 Qb1+ 36. Kg2 Rf6 37. Nxf6+ gxf6 38. Re7# 1-0


[Site "https://www.chess.com"]

[Event "Titled Tuesday Blitz August 22 Early 2023"]
[White "Johnson, Ben"]
[Black "Chyzy, Jakub"]
[WhiteFideId "2010917"]
[BlackFideId "21806209"]
[WhiteElo "2144"]
[BlackElo "2535"]
[Result "0-1"]
[Round "1"]
[TimeControl "180+1"]
[Date "2023.08.22"]
[WhiteClock "0:00:15"]
[BlackClock "0:00:16"]
[Board "237"]

1. Nf3 Nf6 2. c4 d6 3. d4 Nbd7 4. Nc3 e5 5. e4 Be7 6. Be2 O-O 7. O-O c6 8. h3 h6 9. Be3 Nh7 10. Qd2 Ng5 11. Nxg5 Bxg5 12. Bxg5 hxg5 13. Bg4 Qf6 14. d5 c5 15. Rae1 Rd8 16. Re3 Nf8 17. Rf3 Qh6 18. Bxc8 Raxc8 19. a3 Ng6 20. Ne2 Nf4 21. Nxf4 gxf4 22. b4 cxb4 23. Qxb4 b6 24. a4 Rc5 25. Ra1 Ra5 26. Kh2 g5 27. Rb3 Kg7 28. Qc3 g4 29. Kg1 Rh8 30. Rb5 f3 31. Rxa5 bxa5 32. Rb1 fxg2 33. Kxg2 gxh3+ 34. Kh2 Qf4+ 35. Qg3+ Kf6 36. Qxf4+ exf4 37. Rb5 Ke5 38. f3 Kd4 39. Rxa5 Ke3 40. Rxa7 Kxf3 41. Rxf7 Kxe4 42. c5 dxc5 43. d6 Ke5 44. d7 Ke6 45. Rxf4 Kxd7 46. Rf3 Kc6 47. Rxh3 Rxh3+ 48. Kxh3 c4 49. Kg3 c3 50. Kf2 c2 51. Ke2 c1=Q 0-1


[Site "https://www.chess.com"]

[Event "Titled Tuesday Blitz August 22 Early 2023"]
[White "Keleberda, Tymur"]
[Black "Cagara, Paulina"]
[WhiteFideId "14174294"]
[BlackFideId "1124870"]
[WhiteElo "2534"]
[BlackElo "2130"]
[Result "1-0"]
[Round "1"]
[TimeControl "180+1"]
[Date "2023.08.22"]
[WhiteClock "0:01:54"]
[BlackClock "0:02:04"]
[Board "238"]

1. e4 c6 2. d4 d5 3. e5 c5 4. dxc5 e6 5. a3 Bxc5 6. b4 Bf8 7. Bb2 Ne7 8. Nf3 Ng6 9. Bd3 a6 10. g3 Nc6 11. O-O Be7 12. h4 Bd7 13. Nbd2 Na7 14. h5 Nf8 15. c4 dxc4 16. Nxc4 Bb5 17. Rc1 Nc6 18. Nd6+ Bxd6 19. Bxb5 axb5 20. exd6 Nd7 21. Bxg7 Rg8 22. h6 Rxa3 23. Re1 Nxb4 24. Nd4 Rd3 25. Rxe6+ fxe6 26. Qh5# 1-0


[Site "https://www.chess.com"]

[Event "Titled Tuesday Blitz August 22 Early 2023"]
[White "Flis, Pawel"]
[Black "Vovk, Orest"]
[WhiteFideId "1112864"]
[BlackFideId "14113490"]
[WhiteElo "2123"]
[BlackElo "2534"]
[Result "0-1"]
[Round "1"]
[TimeControl "180+1"]
[Date "2023.08.22"]
[WhiteClock "0:00:15"]
[BlackClock "0:00:12"]
[Board "239"]

1. e4 g5 2. d4 g4 3. Nc3 Bg7 4. Be2 h5 5. h3 c5 6. dxc5 Bxc3+ 7. bxc3 Qa5 8. Qd4 Nf6 9. hxg4 Nc6 10. Qd3 Nxe4 11. Bd2 Nxd2 12. Qxd2 Qxc5 13. gxh5 d6 14. h6 Bf5 15. Bd3 O-O-O 16. Nf3 Bxd3 17. cxd3 Ne5 18. Nd4 Qd5 19. O-O-O Qxg2 20. Nb5 a6 21. Nd4 Rdg8 22. Rdg1 Qxg1+ 23. Rxg1 Rxg1+ 24. Kc2 Rh1 25. Nf5 Kd7 26. Qg5 Ng6 27. d4 Rh2 28. Qg3 Rh5 29. Qg4 Rh2 30. Qg3 R2xh6 31. Nxh6 Rxh6 32. Qg2 Kc7 33. a4 Rh5 34. a5 Rxa5 35. Qg4 Ra2+ 36. Kd3 Rxf2 37. Qh5 Nf4+ 38. Ke3 Nxh5 39. Kxf2 a5 40. Ke3 a4 41. Kd3 b5 42. Kc2 d5 43. Kb2 Kb6 44. Ka3 Ka5 45. Kb2 b4 46. cxb4+ Kxb4 47. Ka2 Kc4 48. Ka3 Kxd4 49. Kxa4 e5 50. Kb5 f5 51. Kc6 f4 52. Kd6 f3 53. Ke6 f2 54. Kf5 f1=Q+ 55. Kg5 e4 56. Kxh5 e3 57. Kg6 e2 58. Kg7 e1=Q 59. Kg8 Kc5 0-1


[Site "https://www.chess.com"]

[Event "Titled Tuesday Blitz August 22 Early 2023"]
[White "Boraso, Alessio"]
[Black "Floresvillar Gonzalez, Luis Migu"]
[WhiteFideId "848077"]
[BlackFideId "5100542"]
[WhiteElo "2530"]
[BlackElo "2122"]
[Result "1-0"]
[Round "1"]
[TimeControl "180+1"]
[Date "2023.08.22"]
[WhiteClock "0:01:13"]
[BlackClock "0:01:13"]
[Board "240"]

1. e4 c6 2. d4 d5 3. Nc3 dxe4 4. f3 e3 5. Bxe3 Bf5 6. Qd2 e6 7. O-O-O Nd7 8. h4 h6 9. g4 Bg6 10. h5 Bh7 11. Bd3 Bxd3 12. Qxd3 Be7 13. Nge2 Ngf6 14. Kb1 Qa5 15. Qd2 Qa6 16. Nf4 O-O-O 17. Nd3 Nd5 18. Nxd5 exd5 19. Bf4 Rhe8 20. Bg3 Nb6 21. Rhe1 Nc4 22. Qf4 Bd6 23. Qf5+ Kb8 24. Rxe8 Rxe8 25. Bxd6+ Nxd6 26. Qd7 Re6 27. Qd8+ Nc8 28. Nc5 Qb6 29. Nd7+ 1-0


[Site "https://www.chess.com"]

[Event "Titled Tuesday Blitz August 22 Early 2023"]
[White "Feliz Dotel, Dewar Bienvenido"]
[Black "ATM622"]
[WhiteFideId "6402801"]
[WhiteElo "2121"]
[BlackElo "2529"]
[Result "1-0"]
[Round "1"]
[TimeControl "180+1"]
[Date "2023.08.22"]
[WhiteClock "0:00:03"]
[BlackClock "0:00:03"]
[Board "241"]

1. d4 Nf6 2. e3 e6 3. Nf3 d5 4. Bd3 c5 5. b3 Nc6 6. O-O Be7 7. a3 O-O 8. Bb2 Ne4 9. c4 f5 10. cxd5 exd5 11. dxc5 Bxc5 12. Nc3 Be6 13. b4 Bd6 14. Nb5 Bb8 15. Nbd4 Bd7 16. Nxc6 bxc6 17. Rc1 g5 18. Ne5 Qc7 19. Bxe4 fxe4 20. Qh5 Rf5 21. Ng4 Kf8 22. Qxh7 Rf7 23. Qh6+ Ke7 24. Qxg5+ Kf8 25. g3 a5 26. Qh6+ Ke8 27. Nf6+ Ke7 28. Ng8+ Ke8 29. Qh8 Rf8 30. Nf6+ Ke7 31. Qg7+ Rf7 32. Qg5 Qd6 33. Nxe4+ Ke8 34. Nxd6+ Bxd6 35. Qg8+ Rf8 36. Qxf8+ Bxf8 37. e4 dxe4 38. Rfe1 Bf5 39. f3 Kf7 40. fxe4 Bh3 41. Re2 Bg4 42. Rf2+ Kg8 43. Rf4 Bh3 44. Rh4 Be6 45. Rf1 Be7 46. Rh8# 1-0


[Site "https://www.chess.com"]

[Event "Titled Tuesday Blitz August 22 Early 2023"]
[White "Lima, Kleyton Alcantara"]
[Black "Seifert, Henryk"]
[WhiteFideId "22718397"]
[BlackFideId "1100963"]
[WhiteElo "2527"]
[BlackElo "2113"]
[Result "1-0"]
[Round "1"]
[TimeControl "180+1"]
[Date "2023.08.22"]
[WhiteClock "0:01:14"]
[BlackClock "0:00:00"]
[Board "242"]

1. d4 d5 2. c4 c6 3. Nf3 e6 4. e3 Nf6 5. b3 Nbd7 6. Bb2 Bd6 7. Bd3 O-O 8. O-O b6 9. Nbd2 Bb7 10. Qc2 h6 11. Rac1 Rc8 12. Rfd1 Qe7 13. e4 dxe4 14. Nxe4 Nxe4 15. Bxe4 Nf6 16. Bd3 Bf4 17. Ra1 c5 18. Qe2 Rfd8 19. d5 Re8 20. dxe6 Qxe6 21. Qxe6 fxe6 22. Ne5 Bxe5 23. Bxe5 Ng4 24. Bc3 Rf8 25. f3 Ne3 26. Re1 Nf5 27. Rxe6 Nd4 28. Re7 Bc6 29. Rxa7 Rcd8 30. Bf1 Bxf3 31. Bxd4 Rxd4 32. gxf3 Rxf3 33. Bg2 Re3 34. Rf1 Re2 35. Rf2 Re1+ 36. Bf1 Rdd1 37. Rff7 1-0


[Site "https://www.chess.com"]

[Event "Titled Tuesday Blitz August 22 Early 2023"]
[White "Nugumanov, Bakhtiyar"]
[Black "ArtemDyachuk"]
[WhiteFideId "13701797"]
[WhiteElo "2112"]
[BlackElo "2526"]
[Result "0-1"]
[Round "1"]
[TimeControl "180+1"]
[Date "2023.08.22"]
[WhiteClock "0:00:03"]
[BlackClock "0:01:08"]
[Board "243"]

1. Nf3 Nf6 2. g3 b5 3. Bg2 Bb7 4. O-O e6 5. d3 d5 6. b3 Be7 7. Bb2 O-O 8. Nbd2 c5 9. c4 dxc4 10. bxc4 b4 11. Qc2 Nbd7 12. e4 Qc7 13. Ne1 e5 14. h3 a5 15. f4 Nh5 16. Rf3 exf4 17. g4 Ng3 18. d4 cxd4 19. Nd3 Nxe4 20. Bxd4 Nxd2 21. Qxd2 Bxf3 22. Bxf3 Rad8 23. Qxf4 Qxf4 24. Nxf4 Bc5 25. Bxc5 Nxc5 26. Nd5 Rfe8 27. Rd1 a4 28. Rb1 b3 29. axb3 axb3 30. Kg2 b2 31. Rxb2 Nd3 32. Rb7 Ne5 33. Ne7+ Kf8 34. Nc6 Rd2+ 35. Kg3 Nxc4 36. Kf4 Rf2 37. Kg3 Rd2 38. Kf4 h6 39. h4 Rd6 40. Rb5 g6 41. Nb4 Rf6+ 42. Kg3 Re3 43. Rb8+ Kg7 0-1


[Site "https://www.chess.com"]

[Event "Titled Tuesday Blitz August 22 Early 2023"]
[White "Badelka, Olga"]
[Black "Dahlgren, James Allen"]
[WhiteFideId "13509926"]
[BlackFideId "22256873"]
[WhiteElo "2526"]
[BlackElo "2107"]
[Result "1-0"]
[Round "1"]
[TimeControl "180+1"]
[Date "2023.08.22"]
[WhiteClock "0:02:27"]
[BlackClock "0:02:18"]
[Board "244"]

1. c4 e6 2. Nc3 d5 3. d4 Nf6 4. cxd5 exd5 5. Bg5 Be7 6. e3 O-O 7. Bd3 h6 8. Bh4 c6 9. Nge2 Bg4 10. f3 Bh5 11. O-O Nbd7 12. Qd2 b5 13. Bg3 Qb6 14. Rae1 a5 15. Nf4 a4 16. Bc2 a3 17. b3 b4 18. Na4 Qb5 19. e4 Rfe8 20. e5 1-0


[Site "https://www.chess.com"]

[Event "Titled Tuesday Blitz August 22 Early 2023"]
[White "Hartikainen, Jarmo"]
[Black "Dinosaurio_1975"]
[WhiteFideId "503134"]
[WhiteElo "2097"]
[BlackElo "2524"]
[Result "1-0"]
[Round "1"]
[TimeControl "180+1"]
[Date "2023.08.22"]
[WhiteClock "0:00:09"]
[BlackClock "0:00:09"]
[Board "245"]

1. e4 c6 2. d4 d5 3. Nc3 dxe4 4. Nxe4 Nf6 5. Nxf6+ exf6 6. Bf4 Bd6 7. Qf3 O-O 8. Bd3 Na6 9. Bxa6 bxa6 10. Ne2 Rb8 11. O-O Rxb2 12. Qxc6 Bxf4 13. Nxf4 Bb7 14. Qc3 Rb5 15. a4 Rf5 16. Ne2 Qd5 17. f3 Rc8 18. Qd3 g6 19. Rab1 Qd7 20. c4 Ra5 21. Nc3 Kg7 22. Rb4 Ba8 23. Rfb1 Rh5 24. Ne4 a5 25. Rb5 Rf5 26. Rxf5 Qxf5 27. d5 a6 28. Rd1 Qd7 29. c5 Qxa4 30. c6 Qb5 31. Qc3 Qb4 32. Qxf6+ Kg8 33. h3 Qb6+ 34. Kh1 Qd8 35. Qd4 Bxc6 36. dxc6 Qxd4 37. Rxd4 Rxc6 38. Ra4 Rb6 39. Rxa5 Kg7 40. Kh2 f5 41. Nc3 Kf7 42. Na4 Rd6 43. Nc5 h6 44. Nxa6 Rc6 45. Nb4 g5 46. Nd5 Kg6 47. Rb5 Rd6 48. Rb6 Rxb6 49. Nxb6 f4 50. Nc4 Kf5 51. Kg1 Ke6 52. Kf2 Kd5 53. Nd2 Kd4 54. g3 h5 55. gxf4 gxf4 56. Ne4 Kd3 57. h4 Kd4 58. Nf6 Ke5 59. Nxh5 Kf5 60. Ke2 Kg6 61. Nxf4+ Kf5 62. Ke3 Ke5 63. h5 Kf5 64. h6 1-0


[Site "https://www.chess.com"]

[Event "Titled Tuesday Blitz August 22 Early 2023"]
[White "Jaskolka, Tomasz"]
[Black "Buraczewski, Rafal"]
[WhiteFideId "1170791"]
[BlackFideId "1155245"]
[WhiteElo "2524"]
[BlackElo "2082"]
[Result "0-1"]
[Round "1"]
[TimeControl "180+1"]
[Date "2023.08.22"]
[WhiteClock "0:00:11"]
[BlackClock "0:00:11"]
[Board "246"]

1. d4 Nf6 2. c4 e6 3. g3 Be7 4. Bg2 d5 5. Nf3 c6 6. Nc3 O-O 7. O-O dxc4 8. a4 c5 9. dxc5 Bxc5 10. Ne5 Qe7 11. Nxc4 Nc6 12. Bg5 Rd8 13. Qc1 Nd4 14. Qf4 Bb4 15. Bxf6 gxf6 16. Kh1 e5 17. Qh6 Bxc3 18. bxc3 Nf5 19. Qh5 Ng7 20. Qf3 Be6 21. Ne3 Rac8 22. Rfc1 b6 23. a5 Qd7 24. axb6 axb6 25. Rd1 Qe7 26. Ng4 Bxg4 27. Qxg4 f5 28. Qf3 e4 29. Qe3 Qf6 30. Rxd8+ Rxd8 31. h4 Ne6 32. Qxb6 Qxc3 33. Rb1 Qd2 34. Bf1 Qd4 35. Qc6 Qxf2 36. Bg2 Qxg3 37. Rg1 Qxh4+ 38. Bh3+ Ng5 39. Qc3 Kf8 40. Qc5+ Kg7 41. Qe5+ f6 42. Qe7+ Kg6 43. Kg2 Qxh3+ 44. Kf2 e3+ 45. Qxe3 Qxe3+ 46. Kxe3 f4+ 47. Kxf4 Rd4+ 48. Ke3 Re4+ 49. Kf2 f5 50. Rb1 h6 51. Rb6+ Kh5 52. e3 Ra4 53. Rf6 Kg4 54. Rb6 Ne4+ 55. Ke2 Ra2+ 56. Kd3 h5 57. Rg6+ Ng5 58. Kd4 h4 59. Rh6 h3 60. e4 f4 61. e5 Rd2+ 62. Kc3 Re2 63. Kd4 f3 64. Kd3 Rxe5 65. Rh8 f2 66. Rf8 Nf3 67. Rg8+ Rg5 68. Rh8 f1=Q+ 69. Ke3 Qe1+ 70. Kd3 Rd5+ 71. Kc4 Qe4+ 72. Kb3 Rd3+ 73. Kc2 Qe2+ 74. Kb1 Rd1# 0-1


[Site "https://www.chess.com"]

[Event "Titled Tuesday Blitz August 22 Early 2023"]
[White "Kriti Mayur Patel"]
[Black "Al-Tarboush, Ward"]
[WhiteFideId "35061780"]
[BlackFideId "7601450"]
[WhiteElo "2071"]
[BlackElo "2523"]
[Result "1/2-1/2"]
[Round "1"]
[TimeControl "180+1"]
[Date "2023.08.22"]
[WhiteClock "0:00:31"]
[BlackClock "0:00:12"]
[Board "247"]

1. e4 c5 2. d4 cxd4 3. c3 Nf6 4. e5 Nd5 5. Nf3 Nc6 6. Bc4 Nb6 7. Bb3 dxc3 8. Nxc3 e6 9. O-O Be7 10. Qe2 O-O 11. Rd1 a6 12. Be3 Qc7 13. Rac1 f6 14. exf6 Bxf6 15. Ne4 Be7 16. Qd3 d5 17. Neg5 g6 18. h4 Bf6 19. h5 gxh5 20. Bxb6 Qg7 21. Bc2 e5 22. Nxh7 Bh3 23. Nfg5 Bxg5 24. Nxg5 Bxg2 25. Qh7+ Qxh7 26. Bxh7+ Kg7 27. Kxg2 Kh6 28. Be3 d4 29. Bd2 Rae8 30. Kh3 Ne7 31. Rg1 Nd5 32. Be4 Nf4+ 33. Kh2 Re7 34. Rce1 d3 35. Bxf4 Rxf4 36. Bxd3 Rxf2+ 37. Kh1 Rf4 38. Nh3 Rh4 39. Kh2 e4 40. Be2 Rf7 41. Bf1 Rf2+ 42. Kh1 Rf3 43. Kh2 e3 44. Bg2 Rf2 45. Rxe3 Rxb2 46. Re6+ Kg7 47. Re7+ Kf6 48. Rxb7 Rxa2 49. Rb6+ Ke5 50. Re1+ Kf5 51. Rc6 Rb4 52. Rc5+ Kf6 53. Kh1 Rbb2 54. Rf1+ Ke7 55. Nf4 h4 56. Rh5 a5 57. Rxh4 a4 58. Rh6 a3 59. Re1+ Kf7 60. Nd5 Kg7 61. Ra6 Rxg2 62. Re7+ Kh8 63. Ra8+ Rg8 64. Ra6 Ra1+ 65. Kh2 Ra2+ 66. Kh3 Rf8 67. Rh6+ Kg8 68. Nf6+ Rxf6 69. Rxf6 Ra1 70. Rff7 Rh1+ 71. Kg2 a2 72. Rg7+ Kf8 73. Ra7 a1=Q 74. Rxa1 Rxa1 75. Rg6 Ra2+ 76. Kh3 Ra3+ 77. Rg3 Ra4 78. Rg4 Ra5 79. Rg3 Kf7 80. Kg2 Kf6 81. Rf3+ Kg5 82. Kg3 Ra4 83. Rc3 Rg4+ 84. Kf3 Rh4 85. Rc5+ Kg6 86. Rb5 Rh7 87. Rb6+ Kg5 88. Rb5+ Kh4 89. Rb4+ Kh3 90. Rb1 Rf7+ 91. Ke4 Kg2 92. Ke3 Re7+ 93. Kf4 Rf7+ 94. Ke4 Re7+ 95. Kf4 Re2 96. Rb3 Rf2+ 97. Kg4 Rf8 98. Rb2+ Rf2 99. Rxf2+ Kxf2 1/2-1/2


[Site "https://www.chess.com"]

[Event "Titled Tuesday Blitz August 22 Early 2023"]
[White "Pax-Pramana"]
[Black "Semenova, Alina"]
[BlackFideId "24113875"]
[WhiteElo "2522"]
[BlackElo "2051"]
[Result "1/2-1/2"]
[Round "1"]
[TimeControl "180+1"]
[Date "2023.08.22"]
[WhiteClock "0:00:25"]
[BlackClock "0:00:28"]
[Board "248"]

1. e4 e6 2. d4 d5 3. Nc3 Bb4 4. Ne2 dxe4 5. a3 Be7 6. Nxe4 Nf6 7. Qd3 O-O 8. Bd2 Nc6 9. O-O-O a6 10. g4 Nxe4 11. Qxe4 Qd5 12. Bg2 Qxe4 13. Bxe4 Bd7 14. Bf4 Rac8 15. Nc3 Rfd8 16. g5 f6 17. gxf6 Bxf6 18. Be3 Ne7 19. Bxb7 Rb8 20. Bxa6 Nd5 21. Nxd5 exd5 22. Bd3 c5 23. dxc5 Bxb2+ 24. Kd2 Bxa3 25. Bd4 Rbc8 26. Rhg1 g6 27. Ba6 Rc7 28. Rg5 Be6 29. Re1 Bf7 30. Bf6 Ra8 31. Bd3 Bxc5 32. Re2 Re8 33. Rxe8+ Bxe8 34. Rxd5 Bxf2 35. Be5 Rd7 36. Bc4 Rxd5+ 37. Bxd5+ Bf7 38. c4 Bxd5 39. cxd5 Kf7 40. Ke2 Bc5 41. Kd3 Ke7 42. Ke4 Bd6 43. h4 h6 44. Bg7 g5 45. Bxh6 gxh4 46. Bg5+ Kd7 47. Bxh4 Bc5 48. Bf6 Ba3 49. Be5 Bb4 50. Kf5 Ba3 51. Ke4 Bb4 52. Kd3 Ba3 53. Kc3 Bc5 54. Kc4 Ba3 55. Bd4 Bd6 56. Bc5 Bh2 57. Kd3 Bb8 58. Ke4 Bh2 59. Bd4 Bd6 60. Bc3 Bc5 61. Be5 Bf8 62. Kd3 Bc5 63. Kc4 Bf8 64. Kb5 Ba3 65. Bg7 Kd6 66. Kc4 Kd7 67. Bh6 Be7 68. Kd4 Ba3 69. Ke4 Be7 70. Be3 Ba3 71. Bd4 Be7 72. Bc3 Ba3 73. Ba5 Be7 74. Kd4 Ba3 75. Kc4 Be7 76. Bb4 Bxb4 77. Kxb4 Kd6 78. Kc4 Kd7 79. Kc5 Kc7 80. d6+ Kd7 81. Kd5 Kd8 82. Kc6 Kc8 83. d7+ Kd8 84. Kd6 1/2-1/2


[Site "https://www.chess.com"]

[Event "Titled Tuesday Blitz August 22 Early 2023"]
[White "Gyulamiryan-koryun"]
[Black "Kashefi, Amir Hosein"]
[BlackFideId "12557935"]
[WhiteElo "2035"]
[BlackElo "2521"]
[Result "0-1"]
[Round "1"]
[TimeControl "180+1"]
[Date "2023.08.22"]
[WhiteClock "0:00:00"]
[BlackClock "0:00:18"]
[Board "249"]

1. d4 d5 2. c4 c6 3. Nf3 Nf6 4. g3 Bf5 5. Qb3 Qb6 6. c5 Qxb3 7. axb3 Nbd7 8. b4 Bxb1 9. Rxb1 a6 10. Bf4 Rc8 11. h4 e6 12. Bg2 Be7 13. O-O Bd8 14. Rfe1 O-O 15. Bd6 Re8 16. Ne5 Bc7 17. Nxd7 Nxd7 18. Bxc7 Rxc7 19. e4 dxe4 20. Rxe4 Nf6 21. Re5 Rd8 22. Rd1 Rcd7 23. Ree1 Rxd4 24. Rxd4 Rxd4 25. Bf3 Kf8 26. Kf1 Ke7 27. Re3 Rxb4 28. Re2 Nd5 29. Rc2 g6 30. g4 h6 31. Be2 Nf4 32. Bf3 Ra4 33. Kg1 g5 34. hxg5 hxg5 35. Kh2 Rd4 36. Bh1 e5 37. f3 Ne6 38. Kg3 Rd5 39. b4 Rd4 40. Rb2 Nf4 41. Bg2 Rd1 42. Bf1 Rxf1 0-1


[Site "https://www.chess.com"]